Arrhythmia, chaotic female vampiric Convict ------------- --- |...%..[)...... .@.| --..)------..------ ..H---- ----..--| |-......-- .))?.-- --.......| |........| .).|I.-- |........--- --......-- -----..-- --...---..%-- -------- -..---. ----- --...--- ---------- --%..%.. |--...------------ ---........--- -----..- --................---.............. --...| --..----------.---..................----------- .--).-- --..-| |--...*.........).......|........-----.--..- ----..-.| |*............%)[.........(-----........--.. --.......| |............<...........--- -------...... |.......-- ---......................... |....... -|-...--| |...(.......-------+......-- -------- [|.....| |...|..^....| |.......| ------- ------------- --------- Arrhythmia the Prisoner Experience level: 11 Strength: 25 Dexterity: 13 Constitution: 18 Intelligence: 11 Wisdom: 9 Charisma: 7 Health: 0(98) Energy: 63(63) AC: -5 Gold: 103 Moves: 8245 Your Inventory: Coins $ - 103 gold pieces Armor e - an uncursed +0 small shield (being worn) f - an uncursed +1 pair of walking shoes [low] (being worn) m - an uncursed +0 pair of gauntlets of power (being worn) o - an uncursed +0 dwarvish mithril-coat (being worn) p - an uncursed +0 elven cloak (being worn) Q - an uncursed +2 dwarvish iron helm (being worn) Scrolls s - 2 uncursed scrolls of teleportation B - 3 [uncursed] unlabeled scrolls [of blank paper] C - a [cursed] unlabeled scroll [of blank paper] Potions w - an [uncursed] potion of speed x - an [uncursed] potion of healing z - an [uncursed] indigo potion [of monster detection] Wands q - an uncursed wand of digging (0:7) r - an [uncursed] wand of striking [0:6] I - an [uncursed] wand of striking [0:0] Tools d - an uncursed looking glass [mirror] y - an [uncursed +0] pick-axe [of warning] Y - an uncursed skeleton key Iron balls c - an uncursed heavy iron ball (chained to you) (weapon in hand) Spells known in the end: Name Level Category Fail Memory a - healing 1 healing 100% [|||||...] b - cure blindness 2 healing 100% [|||||||.] Your skills at the end: Fighting Skills Weapon Skills flail [Skilled / Expert] sling [Basic / Skilled] Spellcasting Skills Final Attributes: You were piously aligned. Hunger level was 779. Your alignment was 51 / 51. Monster difficulty range was 2 - 11. Level difficulty was 12. You were immune to poison. You were immune to level-drain. You were immune to sickness. You were punished. You were stealthy. You could fly. You could survive without air. You regenerated. Your luck was zero. You are dead. Vanquished creatures: 4 shopkeepers a water troll a watch captain a zruty a hill giant 2 small mimics a glass piercer a quantum mechanic a large dog 2 freezing spheres a flaming sphere 2 shocking spheres a gargoyle 2 tengu a pit viper a carnivorous ape an ettin zombie a leather golem 2 soldiers 4 watchmen a giant beetle 4 wolves a lynx 4 giant spiders a horse 3 gnome kings 2 orc mummies 2 brown puddings a werewolf 2 lizards a chickatrice 2 housecats 2 dwarf lords 2 blue jellies an ape a rope golem a Woodland-elf a soldier ant 5 fire ants a water nymph 5 Uruk-hai 8 enormous rats a rock mole a pony 2 fog clouds a yellow light 2 violet fungi 19 gnome lords 5 gnomish wizards a gray ooze a barrow wight an elf zombie a ghoul 3 paper golems a baby crocodile a floating eye 2 kittens 20 dwarves 14 hill orcs 3 rothes a centipede a giant bat 2 monkeys 4 orc zombies an iguana 11 killer bees 3 acid blobs 2 coyotes a gas spore 6 hobbits a large kobold 2 hobgoblins a cave spider a brown mold a green mold a red mold 85 gnomes 19 Keystone Kops 2 garter snakes 2 gnome zombies 3 geckos 2 jackals a fox a goblin 5 grid bugs a lichen 7 kobold zombies 2 newts 330 creatures vanquished. Voluntary challenges: You went without food. You never hit with a wielded weapon. You read items or engraved 11 times. You put on armor 44 times. You never genocided any monsters. You never polymorphed an object. You never changed form. You used no wishes. You abstained from Elbereth's help. You never encountered a bones level. You never used any Sokoban shortcuts. Dungeon overview: The Dungeons of Doom: levels 1 to 8 Level 1 a long staircase Level 3 an armor shop, a fountain Level 4 stairs to The Gnomish Mines Level 5 many fountains Level 6 stairs to Sokoban The Gnomish Mines: levels 5 to 12 Level 5 stairs to The Dungeons of Doom Level 8 many shops, a temple, a magic chest, some fountains Level 12 <- You were here Sokoban: Level 5 a magic chest stairs to The Dungeons of Doom History has recorded: On T:1 you entered the Dungeons of Doom to retrieve the Amulet of Yendor! On T:269 you reached level 2 of The Dungeons of Doom. On T:270 you advanced to experience level 2. On T:537 you advanced to experience level 3. On T:687 you advanced to experience level 4. On T:769 you reached level 3 of The Dungeons of Doom. On T:990 you reached level 4 of The Dungeons of Doom. On T:1046 you reached level 1 of The Gnomish Mines. On T:1097 you advanced to experience level 5. On T:1583 you advanced to experience level 6. On T:1936 you reached level 2 of The Gnomish Mines. On T:2019 you advanced to experience level 7. On T:2273 you reached level 3 of The Gnomish Mines. On T:2641 you reached level 4 of The Gnomish Mines. On T:2953 you advanced to experience level 8. On T:3077 you reached level 5 of The Dungeons of Doom. On T:3433 you reached level 6 of The Dungeons of Doom. On T:4505 you reached level 3 of Sokoban. On T:4565 you reached level 7 of The Dungeons of Doom. On T:4832 you reached level 8 of The Dungeons of Doom. On T:4842 you advanced to experience level 9. On T:5682 you advanced to experience level 10. On T:6500 you reached level 5 of The Gnomish Mines. On T:7179 you reached level 6 of The Gnomish Mines. On T:7549 you reached level 7 of The Gnomish Mines. On T:7804 you reached level 8 of The Gnomish Mines. On T:8230 you advanced to experience level 11. Latest messages: You kill the dwarf! [HP+1=30] You kill the chickatrice! [HP+2=32] You kill the gnome! [HP+1=33] $ - 48 gold pieces. There are several more objects here. [HP+1=34] [HP+2=36] [HP+1=37] There are several objects here. [HP+1=38] You see here a zruty corpse. [HP+2=40] You hit the minotaur! You bite the minotaur. The minotaur hits! (2x) The minotaur butts! [HP-23=17] The minotaur hits! You die... Final status: Goodbye Arrhythmia the Convict... You died in The Gnomish Mines on dungeon level 12 with 23323 points, and 103 pieces of gold, after 8245 moves. You were level 11 with a maximum of 98 hit points when you died.